 Seeded DCSS version 0.30-a0-368-g86fb4627a9 (webtiles) character file.

Game seed: 4866231847754521613 (custom seed)

27 purpskrrrp the Conjurer (level 2, 0/15 HPs)
             Began as a Deep Elf Conjurer on Nov 18, 2022.
             Slain by a goblin
             ... wielding a +0 club
              (2 damage)
             ... on level 1 of the Dungeon.
             The game lasted 00:00:49 (506 turns).

purpskrrrp the Conjurer (Deep Elf Conjurer)          Turns: 506, Time: 00:00:49

Health: 0/15       AC:  2    Str:  2 (4)  XL:     2   Next: 93%
Magic:  6/8        EV: 13    Int: 21 (22) God:
Gold:   41         SH:  0    Dex: 12 (13) Spells: 6/7 levels left

rFire   . . .      SeeInvis .    h - +0 great mace
rCold   . . .      Faith    .    (shield currently unavailable)
rNeg    . . .      Spirit   .    a - +0 robe
rPois   .          Reflect  .    (no helmet)
rElec   .          Harm     .    (no cloak)
rCorr   .          Rampage  .    (no gloves)
Will    .....                    (no boots)
Stlth   ++........               (no amulet)
HPRegen 0.22/turn                (no ring)
MPRegen 0.11/turn                (no ring)

@: no status effects
A: no striking features
a: no special abilities


You were on level 1 of the Dungeon.
You visited 1 branch of the dungeon, and saw 1 of its levels.

You collected 41 gold pieces.

Inventory:

Hand Weapons
 h - a +0 great mace (weapon)
Armour
 a - a +0 robe (worn)
Jewellery
 k - a ring of ice
Scrolls
 e - a scroll of enchant armour {unknown}
 f - 2 scrolls of teleportation {unknown}
 g - 2 scrolls of identify {unknown}
 i - 2 scrolls of magic mapping {unknown}
 j - a scroll of acquirement {unknown}
Potions
 b - a potion of magic
 c - 2 potions of mutation {unknown}


   Skills:
 + Level 3.4 Dodging
 - Level 2.4 Stealth
 - Level 3.0 Spellcasting
 + Level 4.9 Conjurations


You had 6 spell levels left.
You knew the following spells:

 Your Spells              Type           Power      Damage    Failure   Level
a - Magic Dart            Conj           96%        1d7       1%          1

Your spell library contained the following spells:

 Spells                   Type           Power      Damage    Failure   Level
 Searing Ray              Conj           48%        2d6       2%          2
 Dazzling Flash           Conj/Hex       26%        N/A       14%         3
 Fulminant Prism          Conj/Hex       6%         3d7       43%         4
 Iskenderun's Mystic Bla  Conj/Tloc      13%        2d5       43%         4


Dungeon Overview and Level Annotations

Branches:
Dungeon (1/15)

Altars:


Message History

There are monsters nearby!
There are monsters nearby!
The magic dart hits the kobold but does no damage.
The kobold shouts!
The ball python hisses angrily.
You hear a shout!
A bat comes into view.
The magic dart hits the bat.
The bat is severely wounded.
The bat barely misses you.
The magic dart hits the bat.
You kill the bat!
You closely miss the kobold. The kobold misses you.
A goblin comes into view. It is wielding a +0 club.
The kobold barely misses you.
The goblin moves out of view.
You sock the kobold!
You kill the kobold!
You closely miss the goblin. The goblin hits you with a +0 club.
The goblin hits you with a +0 dagger.
You closely miss the goblin. The goblin hits you with a +0 club.
The goblin hits you with a +0 dagger. The goblin hits you with a +0 club.
* * * LOW HITPOINT WARNING * * *
The goblin closely misses you.
You are too injured to fight recklessly!
You are too injured to fight recklessly!
You are too injured to fight recklessly!
You are too injured to fight recklessly!
You are too injured to fight recklessly!
You are too injured to fight recklessly!
You are too injured to fight recklessly!
You are too injured to fight recklessly!
You are too injured to fight recklessly!
You are too injured to fight recklessly!
You are too injured to fight recklessly!
You are too injured to fight recklessly!
You are too injured to fight recklessly!
You are too injured to fight recklessly!
It was a potion of degeneration.
There was something very wrong with that liquid.
You feel weakened.
You feel dopey.
You feel clumsy. The goblin hits you with a +0 club.
You die...

.... #........ ....
#......... .....
#.......... .....
#..........
......#..........
......#..........
......gg......... ###
#@......... ..#
#.......... #.#
##....###### #.#
##........^. #.#
###.......... ..##
##+######............
...##
#......##...........
#...##
#......##...........
#.#..#
#......##.......###
####


You could see 2 goblins.

Vanquished Creatures
  A dart slug (D:1)
  3 endoplasms (D:1)
  A hobgoblin (D:1)
  4 jackals (D:1)
  3 kobolds (D:1)
  A quokka (D:1)
  A ball python (D:1)
  5 bats (D:1)
  A frilled lizard (D:1)
  4 rats (D:1)
24 creatures vanquished.

Notes
Turn   | Place    | Note
-------+----------+-------------------------------------------
     0 | D:1      | purpskrrrp the Deep Elf Conjurer began the quest for the
                  | Orb.
     0 | D:1      | Reached XP level 1. HP: 10/10 MP: 6/6
   199 | D:1      | Reached XP level 2. HP: 15/15 MP: 4/8
   506 | D:1      | Slain by a goblin

Illustrated notes

Levels and vault maps discovered:
D:1:      dpeg_arrival_arbitrary_c, layout_basic

Skill      XL: |  1  2 |
---------------+-------+-----
Dodging        | 3 |  3.4
Stealth        | |  2.4
Spellcasting   | |  3.0
Conjurations   | |  4.9

Action                   || total
-------------------------++-------
Melee: Great mace        ||    13
 Cast: Magic Dart        ||    33
  Use: Potion            ||     1
Armor: Robe              ||     4
Dodge: Dodged            ||    13

Table legend: (Time is in decaauts)
 A = Elapsed time spent in this place.
 B = Non-inter-level travel time spent in this place.
 C = Inter-level travel time spent in this place.
 D = Time resting spent in this place.
 E = Time spent auto-exploring this place.
 F = Levels seen in this place.
 G = Mean time per level.
                   A        B        C        D        E       F      G
               +--------+--------+--------+--------+--------+-----+--------+
         Total |    514 |    514 |      0 |      0 |    425 |   1 |  514.0 |
       Dungeon |    514 |    514 |      0 |      0 |    425 |   1 |  514.0 |
               +--------+--------+--------+--------+--------+-----+--------+

Top non-repeatable levels by time:
     D:1: 514 daAuts
